 Dungeon Crawl Stone Soup version 0.28.0-53-g5a82cb258f (console) character file.

Game seed: 13094579516816848168

17316 Faeu the Bludgeoner (level 12, -4/116 HPs)
             Began as a Minotaur Berserker on June 5, 2022.
             Was a High Priest of Trog.
             Slain by a centaur warrior
             ... wielding a +0 vorpal great mace
              (6 damage)
             ... on level 13 of the Dungeon.
             The game lasted 00:29:36 (14370 turns).

Faeu the Bludgeoner (Minotaur Berserker)           Turns: 14370, Time: 00:29:37

Health: -4/116     AC: 18    Str: 26    XL:     12   Next: 17%
Magic:  0/11       EV:  9    Int:  4    God:    Trog [*****.]
Gold:   855        SH:  0    Dex: 11    Spells: 11/11 levels left

rFire   . . .      SeeInvis .   i - +6 morningstar (holy) {mace}
rCold   . . .      Faith    .   (no shield)
rNeg    . . .      Spirit   +   j - +2 chain mail {rPois}
rPois   +          Reflect  .   (helmet restricted)
rElec   .          Harm     .   v - +0 cloak
rCorr   .          Rampage  .   (no gloves)
Will    +....                   N - +0 pair of boots
Stlth   ..........              r - amulet of guardian spirit
HPRegen 0.29/turn               l - ring of willpower
MPRegen 0.12/turn               (no ring)

@: on berserk cooldown, slowed, very slow
A: horns 2, retaliatory headbutt
a: Renounce Religion, Berserk, Trog's Hand, Brothers in Arms


You were on level 13 of the Dungeon.
You worshipped Trog.
Trog was extremely pleased with you.
You visited 1 branch of the dungeon, and saw 13 of its levels.
You also visited: Gauntlet.

You collected 855 gold pieces.


Innate Abilities, Weirdness & Mutations

You have a pair of horns on your head.
You reflexively headbutt those who attack you in melee.


   Skills:
 + Level 13.8 Fighting
 - Level 15.1 Maces & Flails
 + Level 13.5 Armour
 - Level 2.1 Dodging


You had 11 spell levels left.
You didn't know any spells.
Your spell library contained the following spells:

 Spells                   Type           Power      Damage    Failure   Level
 Animate Skeleton         Necr           0%         N/A       93%         1
 Magic Dart               Conj           0%         1d3       93%         1
 Pain                     Necr           0%         1d4       93%         1
 Call Imp                 Summ           0%         N/A       98%         2
 Ensorcelled Hibernation  Hex/Ice        0%         N/A       98%         2
 Passwall                 Tmut/Erth      0%         N/A       98%         2
 Mephitic Cloud           Conj/Pois/Air  0%         N/A       100%        3
 Swiftness                Air            0%         N/A       100%        3
 Vampiric Draining        Necr           0%         2d6       100%        3
 Animate Armour           Summ/Erth      0%         N/A       100%        4
 Animate Dead             Necr           0%         N/A       100%        4
 Olgreb's Toxic Radiance  Pois           0%         N/A       100%        4
 Blade Hands              Tmut           0%         N/A       100%        5
 Borgnjor's Vile Clutch   Necr/Erth      0%         N/A       100%        5
 Death Channel            Necr           0%         N/A       100%        6
 Iron Shot                Conj/Erth      0%         9d1       100%        6
 Ozocubu's Refrigeration  Ice            0%         4d5       100%        7
 Ignition                 Fire           0%         3d3       100%        8

Inventory:

Hand Weapons
 i - a +6 morningstar of holy wrath (weapon) {mace}
   (You took it off Terence on level 3 of the Dungeon)
 B - the +2 whip "Ophemp" {flame, *Slow Str+5, mace}
   (You found it on level 7 of the Dungeon)

   It burns those it strikes, dealing additional fire damage.
   Str:       It affects your strength (+5).
   *Slow:     It may slow you when you take damage.
 M - the +9 demon trident "Famos" {venom, rPois rC+ Will+, polearm}
   (You found it on level 10 of the Dungeon)

   It poisons the flesh of those it strikes.
   rC:        It protects you from cold.
   rPois:     It protects you from poison.
   Will:      It increases your willpower.
Missiles
 y - 8 atropa-tipped darts (quivered) {throwing}
Armour
 b - a +0 animal skin
 g - a +0 ring mail
   (You found it on level 1 of the Dungeon)
 h - a +0 leather armour of positive energy
   (You found it on level 2 of the Dungeon)
 j - a +2 chain mail of poison resistance (worn)
   (You took it off Terence on level 3 of the Dungeon)
 v - a +0 cloak (worn)
   (You took it off Crazy Yiuf on level 2 of the Dungeon)
 N - a +0 pair of boots (worn)
   (You found it on level 10 of the Dungeon)
 P - a +0 plate armour
   (You took it off an orc warrior on level 7 of the Dungeon)
Jewellery
 l - a ring of willpower (left hand)
   (You found it on level 3 of the Dungeon)
 r - an amulet of guardian spirit (around neck)
   (You found it on level 4 of the Dungeon)
 C - a ring of ice
   (You found it on level 7 of the Dungeon)
 H - a ring of ice
   (You found it on level 9 of the Dungeon)
 J - a ring of ice
   (You took it off Fannar on level 10 of the Dungeon)
 K - a ring of see invisible
   (You found it on level 10 of the Dungeon)
Wands
 u - a wand of paralysis (6)
   (You found it on level 4 of the Dungeon)
 w - a wand of digging (7)
   (You took it off Crazy Yiuf on level 2 of the Dungeon)
 z - a wand of polymorph (10)
   (You found it on level 6 of the Dungeon)
 D - a wand of iceblast (11)
   (You found it on level 7 of the Dungeon)
Scrolls
 d - 5 scrolls of teleportation {@r4}
 f - 2 scrolls of noise {!r}
 m - 3 scrolls of enchant armour {unknown}
 q - 3 scrolls of fog {unknown}
 s - 2 scrolls of vulnerability {unknown}
 x - 7 scrolls of identify {unknown}
 E - a scroll of acquirement {unknown}
 O - a scroll of silence {unknown}
 Q - a scroll of brand weapon {unknown}
 R - a scroll of blinking {unknown}
Potions
 a - 2 potions of cancellation {unknown}
 c - 3 potions of ambrosia {unknown}
 e - a potion of degeneration {unknown}
 k - 8 potions of curing {unknown}
 n - a potion of haste {unknown}
 o - 3 potions of flight {unknown}
 p - 5 potions of heal wounds {unknown}
 t - a potion of attraction {unknown}
 A - 2 potions of might {unknown}
 F - 2 potions of lignification {unknown}
 G - a potion of brilliance {unknown}
 I - a potion of invisibility {unknown}
Miscellaneous
 L - a piece from Xom's chessboard (15/15)
   (You found it on level 10 of the Dungeon)

Dungeon Overview and Level Annotations

Branches:
Dungeon (13/15)            Temple (0/1) D:4            Lair (0/6) D:9
    Orc (0/2) D:9         Gauntlet (visited)
 Vaults: D:13-14

Altars:
Kikubaaqudgha

Shops:
D:4 (   D:9 !

Annotations:
D:10 exclusion: orange crystal statue
D:12 2 runed translucent doors, Ornithology's ghost, journeyman TeAE

#...#########'###..
#..................
#..................
#..................
#.................
#..........###....
#.................
#...#'########+###
#.#.#........
#c#.#........
#@#.#........
########(..######+##
.................
.................
.................
##'##.)..........
.............../.
.................
..............!..
................. #....
.....##+#############....


You could see a centaur warrior and a +5 long sword.


Message History

There is an open door here.
A howler monkey comes into view.
The howler monkey howls!
A howler monkey comes into view.
The howler monkey hoots and howls with incredible vigour!
You hear a roar!
The howler monkey hoots and howls with incredible vigour!
You hear an angry buzzing noise.
The howler monkey hoots and howls with incredible vigour!
You hear a shout!
You hear a roar!
You hear two shouts!
You hear a shout!
You impale the howler monkey!!
You kill the howler monkey!
Trog accepts your kill.
You thump the howler monkey!
The howler monkey hoots and howls with incredible vigour!
You hear an angry buzzing noise.
You hear two shouts!
You barely miss the howler monkey. You headbutt the howler monkey.
You kill the howler monkey!
Trog accepts your kill.
Something unseen opens the door.
You sense a monster nearby.
No target in view!
R - a scroll labelled KACWA FETOAFFA A centaur warrior comes into view.
It is wielding a +0 vorpal great mace.
A +5 long sword comes into view.
The centaur warrior unwields a +0 vorpal great mace.
The centaur warrior wields a +0 shortbow.
The centaur warrior shoots an arrow.
The arrow hits you!
A tengu warrior comes into view. It is wielding a +0 great sword.
The centaur warrior shoots an arrow.
The arrow hits you! 😕 HP[-19]
You take 19 damage, and now have 96/115 hp.
The centaur warrior shoots an arrow.
The arrow hits you but does no damage.
A red film seems to cover your vision as you go berserk!
You feel yourself moving faster!
You feel mighty!
The centaur warrior shoots an arrow.
The arrow hits you.
The +5 long sword hits you! 😕 HP[+35] MP[-1]
You now have 172 max hp (+57).
You regained 35 hp, and now have 131/172 hp.
You lost 1 mp, and now have 10/11 mp.
You miss the tengu warrior. You headbutt the tengu warrior!
The +5 long sword hits you!
The centaur warrior shoots an arrow.
The arrow hits you! 😮 HP[-27] MP[-1]
You take 27 damage, and now have 104/172 hp.
You lost 1 mp, and now have 9/11 mp.
You impale the tengu warrior!!
You headbutt the tengu warrior, but do no damage.
The tengu warrior hits you with a +0 great sword.
The tengu warrior pecks you but does no damage.
The tengu warrior claws you but does no damage.
You impale the tengu warrior!!
You kill the tengu warrior!
Trog accepts your kill.
The centaur warrior shoots an arrow.
The arrow hits you but does no damage. The +5 long sword hits you. 😮 HP[-5]
You now have 174 max hp (+2).
You take 5 damage, and now have 99/174 hp.
The +5 long sword hits you!
The centaur warrior shoots an arrow.
The arrow hits you!
* * * LOW HITPOINT WARNING * * *
😨 HP[-16] MP[-1]
You take 16 damage, and now have 83/174 hp.
You lost 1 mp, and now have 8/11 mp.
You feel a strong urge to attack something.
The +5 long sword barely misses you.
The centaur warrior shoots an arrow.
The arrow hits you.
* * * LOW HITPOINT WARNING * * *
😨 HP[-1]
You take 1 damage, and now have 82/174 hp.
The centaur warrior shoots an arrow.
The arrow hits you!
* * * LOW HITPOINT WARNING * * *
😨 HP[-10] MP[-1]
You take 10 damage, and now have 72/174 hp.
You lost 1 mp, and now have 7/11 mp.
You feel your anger nearly subside.
You are no longer berserk.
You are exhausted.
You feel yourself slow down.
The centaur warrior shoots an arrow.
The arrow hits you!
* * * LOW HITPOINT WARNING * * *
😨 HP[-36] MP[-1]
You now have 116 max hp (-58).
You lost 1 mp, and now have 6/11 mp.
The centaur warrior unwields a +0 shortbow.
The centaur warrior wields a +0 vorpal great mace.
The centaur warrior hits you with a +0 vorpal great mace.
* * * LOW HITPOINT WARNING * * *
x2 The centaur warrior kicks you but does no damage.
The +5 long sword completely misses you.
You furiously retaliate!
You headbutt the +5 long sword!
The centaur warrior hits you with a +0 vorpal great mace.
* * * LOW HITPOINT WARNING * * *
x2 The centaur warrior kicks you but does no damage.
The +5 long sword hits you!
* * * LOW HITPOINT WARNING * * *
You barely miss the centaur warrior.
The centaur warrior hits you with a +0 vorpal great mace!!
* * * LOW HITPOINT WARNING * * *
You die...

Skill      XL: |  1  2  3  4  5  6  7  8  9 10 11 |
---------------+----------------------------------+-----
Maces & Flails | 4 5 6 8 10 11 14 15 | 15.1
Fighting       | 7 10 13 | 13.8
Armour         | 6 10 13 | 13.5
Dodging        | |  2.1

Action                   |  1- 3 |  4- 6 |  7- 9 | 10-12 || total
-------------------------+-------+-------+-------+-------++-------
Melee: Mace              |    74 |    27 |       |       ||   101
       Headbutt          |    10 |     8 |    25 |    60 ||   103
       Morningstar       |       |    63 |   192 |   303 ||   558
       Punch             |       |     1 |       |     5 ||     6
       Demon trident     |       |       |       |    15 ||    15
Throw: Dart              |       |       |       |     1 ||     1
Invok: Berserk           |     1 |     2 |     7 |    10 ||    20
Evoke: Wand              |       |       |       |     1 ||     1
  Use: Scroll            |       |       |       |     2 ||     2
 Stab: Paralysed         |       |       |       |     2 ||     2
Armor: Animal skin       |     8 |       |       |       ||     8
       Ring mail         |     3 |     5 |       |       ||     8
       Chain mail        |       |    26 |    84 |   191 ||   301
       Plate armour      |       |       |       |     7 ||     7
Dodge: Dodged            |    42 |    40 |    55 |   111 ||   248

Levels and vault maps discovered:
D:1:      lemuel_arrival_cross, layout_basic,
          hellmonk_ecumenical_altar_arch_garden, minmay_worlds_worst_comb
D:2:      layout_loops_cross, uniq_crazy_yiuf_cottage, uniq_sigmund,
          uniq_jessica
D:3:      layout_rooms, general_overflow_altar, uniq_terence
D:4:      layout_loops_ring, minmay_temple_entry_large_hall, serial_shops,
          nicolae_shop_bloodbath_and_beyond, minmay_bisected, uniq_duvessa,
          uniq_edmund, uniq_grinder
D:5:      layout_rooms, uniq_menkaure
D:6:      layout_basic, st_stairs_6, chequers_garden, amethyst_killhole
D:7:      layout_loops_ring, uniq_maggie
D:8:      layout_cave_pools
D:9:      layout_grid_maze, lair_entry_dummy, serial_shops,
          nicolae_shop_statue_plus, serial_ice, serial_ice_i, serial_ice_a,
          serial_ice_b, serial_ice_h, serial_ice_d, serial_ice_m, serial_ice_g,
          serial_ice_f, serial_ice_e, serial_ice_n
D:10:     layout_irregular_city, minivault_16, uniq_erica, uniq_fannar
D:11:     layout_loops_cross
D:12:     layout_basic, gauntlet_entry_generic, ebering_ghost_disaster_area,
          lightli_fourway_metalbox
D:13:     minmay_distorted_concentric_squares, layout_stronghold, erik_vaults_1

Notes
Turn   | Place    | Note
-------+----------+-------------------------------------------
     0 | D:1      | Faeu the Minotaur Berserker began the quest for the Orb.
     0 | D:1      | Reached XP level 1. HP: 19/19 MP: 0/0
     0 | D:1      | magus.rc [v1.9.6]
    27 | D:1      | Found a faded altar of an unknown god.
    29 | D:1      | Reached skill level 4 in Maces & Flails
   192 | D:1      | Reached XP level 2. HP: 18/26 MP: 1/1
   577 | D:1      | Reached skill level 5 in Maces & Flails
   592 | D:1      | Reached ** piety under Trog
   593 | D:1      | Reached XP level 3. HP: 27/31 MP: 2/2
   669 | D:1      | You pick up a book of Iron {forbidden} and begin reading...
   669 | D:1      | You add the spells Animate Armour, Blade Hands and Iron
                  | Shot to your library.
  1259 | D:2      | Noticed Jessica
  1262 | D:2      | Killed Jessica
  1263 | D:2      | Reached skill level 6 in Maces & Flails
  1263 | D:2      | Reached XP level 4. HP: 39/39 MP: 3/3
  1596 | D:3      | Noticed Terence
  1604 | D:3      | Killed Terence
  1905 | D:3      | Found an ancient bone altar of Kikubaaqudgha.
  2138 | D:4      | Noticed Edmund
  2148 | D:4      | Killed Edmund
  2149 | D:4      | Reached skill level 8 in Maces & Flails
  2149 | D:4      | Reached XP level 5. HP: 45/45 MP: 4/4
  2184 | D:4      | Reached XP level 6. HP: 51/51 MP: 5/5
  2196 | D:4      | You pick up a book of Necromancy {forbidden} and begin
                  | reading...
  2196 | D:4      | You add the spells Pain, Animate Skeleton and Vampiric
                  | Draining to your library.
  2220 | D:4      | Reached *** piety under Trog
  2281 | D:4      | Reached skill level 9 in Maces & Flails
  2428 | D:4      | Noticed Grinder
  2434 | D:4      | Killed Grinder
  2435 | D:4      | Reached skill level 10 in Maces & Flails
  2435 | D:4      | Reached XP level 7. HP: 56/57 MP: 6/6
  2604 | D:4      | Noticed Dowan
  2606 | D:4      | Noticed Duvessa
  2607 | D:4      | Killed Dowan
  2610 | D:4      | Killed Duvessa
  2612 | D:4      | Reached skill level 11 in Maces & Flails
  2710 | D:4      | Found Jeryhor's Weapon Shoppe.
  2720 | D:4      | Found a staircase to the Ecumenical Temple.
  3013 | D:5      | Entered Level 5 of the Dungeon
  3020 | D:5      | Reached XP level 8. HP: 52/64 MP: 5/7
  3357 | D:2      | Noticed Sigmund
  3364 | D:2      | Killed Sigmund
  3365 | D:2      | Reached skill level 12 in Maces & Flails
  3592 | D:2      | Found a runed translucent door.
  3593 | D:2      | Noticed Crazy Yiuf
  3675 | D:2      | Killed Crazy Yiuf
  3825 | D:5      | Noticed Menkaure
  3858 | D:5      | Killed Menkaure
  3859 | D:5      | Reached skill level 13 in Maces & Flails
  3929 | D:5      | Reached **** piety under Trog
  4076 | D:5      | Reached skill level 14 in Maces & Flails
  4117 | D:5      | Reached XP level 9. HP: 61/70 MP: 5/8
  4907 | D:6      | Reached skill level 15 in Maces & Flails
  4976 | D:6      | Reached skill level 4 in Fighting
  5073 | D:6      | Reached skill level 3 in Armour
  5411 | D:6      | Reached skill level 4 in Armour
  5456 | D:6      | Reached skill level 5 in Fighting
  5837 | D:7      | Reached skill level 5 in Armour
  6134 | D:7      | Identified the +2 whip "Ophemp" {flame, *Slow Str+5}
  6175 | D:7      | Reached skill level 6 in Fighting
  6535 | D:7      | Noticed Maggie
  6546 | D:7      | Killed Maggie
  6547 | D:7      | Reached skill level 6 in Armour
  6763 | D:8      | Reached skill level 7 in Fighting
  6763 | D:8      | Reached XP level 10. HP: 69/86 MP: 6/9
  7208 | D:7      | Reached ***** piety under Trog
  7264 | D:8      | Reached skill level 7 in Armour
  7532 | D:8      | Reached skill level 8 in Fighting
  7960 | D:9      | You add the spells Olgreb's Toxic Radiance, Ozocubu's
                  | Refrigeration and Ignition to your library.
  7972 | D:9      | Reached skill level 8 in Armour
  7989 | D:9      | You pick up a book of Unlife {forbidden} and begin
                  | reading...
  7989 | D:9      | You add the spells Animate Dead, Borgnjor's Vile Clutch and
                  | Death Channel to your library.
  8022 | D:9      | Found a staircase to the Orcish Mines.
  8217 | D:9      | Reached skill level 9 in Fighting
  8299 | D:9      | Reached skill level 9 in Armour
  8550 | D:9      | Found a staircase to the Lair.
  8615 | D:9      | Reached skill level 10 in Fighting
  8766 | D:9      | You pick up a book of Minor Magic {forbidden} and begin
                  | reading...
  8766 | D:9      | You add the spells Magic Dart, Call Imp and Mephitic Cloud
                  | to your library.
  9080 | D:9      | Found Fiemiv's Distillery.
  9207 | D:10     | Entered Level 10 of the Dungeon
  9435 | D:10     | Noticed an orange crystal statue
  9487 | D:10     | Reached skill level 10 in Armour
  9501 | D:10     | Paralysed by a hornet for 2 turns
  9506 | D:10     | Reached XP level 11. HP: 71/101 MP: 5/10
  9744 | D:10     | You pick up a book of Burglary {forbidden} and begin
                  | reading...
  9744 | D:10     | You add the spells Passwall, Ensorcelled Hibernation and
                  | Swiftness to your library.
  9759 | D:10     | Noticed Fannar
  9771 | D:10     | Killed Fannar
 10048 | D:10     | Noticed Erica
 10060 | D:10     | Killed Erica
 10061 | D:10     | Reached skill level 11 in Fighting
 10250 | D:10     | Identified the +9 demon trident "Famos" {venom, rPois rC+
                  | Will+}
 10727 | D:11     | Noticed a four-headed hydra
 10738 | D:11     | Killed a four-headed hydra
 10739 | D:11     | Reached skill level 11 in Armour
 10959 | D:11     | Reached skill level 12 in Fighting
 11462 | D:11     | Reached skill level 12 in Armour
 11588 | D:11     | Noticed a boulder beetle
 11613 | D:11     | Killed a boulder beetle
 11777 | D:12     | Found a gate leading to a gauntlet.
 11786 | Gauntlet | Entered a Gauntlet
 11786 | Gauntlet | Noticed a fire crab
 11786 | Gauntlet | Found a transporter.
 11817 | Gauntlet | Found a transporter.
 11817 | Gauntlet | Found a transporter.
 11823 | Gauntlet | Noticed a wizard
 11825 | Gauntlet | Found a transporter.
 11829 | Gauntlet | Found a transporter.
 11841 | Gauntlet | Found a transporter.
 11842 | Gauntlet | Found a transporter.
 11843 | Gauntlet | Noticed an orange crystal statue
 11849 | Gauntlet | Found a transporter.
 11853 | Gauntlet | Found a transporter.
 11858 | Gauntlet | Noticed an orange crystal statue
 11862 | Gauntlet | Found a transporter.
 11883 | Gauntlet | Found a transporter.
 11895 | Gauntlet | Found a transporter.
 11907 | Gauntlet | Found a transporter.
 11919 | Gauntlet | Found a transporter.
 11923 | Gauntlet | Found a runed translucent door.
 12833 | D:12     | Reached skill level 13 in Fighting
 13117 | D:12     | Noticed a two-headed ogre
 13122 | D:12     | Killed a two-headed ogre
 13261 | D:12     | Reached skill level 13 in Armour
 13264 | D:12     | Reached XP level 12. HP: 100/115 MP: 8/11
 13371 | D:12     | Found a large runed translucent door.
 13371 | D:12     | Found a large runed translucent door.
 13374 | D:12     | Noticed Ornithology's ghost (journeyman TeAE)
 13892 | D:13     | Noticed a six-headed hydra
 13902 | D:13     | Killed a six-headed hydra
 14086 | D:13     | Noticed a catoblepas
 14097 | D:13     | Killed a catoblepas
 14358 | D:13     | Noticed a centaur warrior
 14358 | D:13     | Noticed a tengu warrior
 14364 | D:13     | Killed a tengu warrior
 14369 | D:13     | HP: 27/116 [centaur warrior/+0 vorpal great mace (5)]
 14370 | D:13     | HP: 2/116 [centaur warrior/+0 vorpal great mace (18)]
 14370 | D:13     | Slain by a centaur warrior

Vanquished Creatures
  Fannar (D:10)
  A boulder beetle (D:11)
  2 hydras
  A two-headed ogre (D:12)
  A catoblepas (D:13)
  Erica (D:10)
  A tengu warrior (D:13)
  3 cyclopes
  2 unseen horrors
  Maggie (D:7)
  A cane toad (shapeshifter) (D:10)
  A kobold demonologist (D:11)
  4 trolls
  A polar bear (D:9)
  2 hornets
  Grinder (D:4)
  A meliai zombie (D:11)
  Sigmund (D:2)
  A shadow (D:12)
  2 wraiths
  A wyvern (D:10)
  9 yaks
  2 steam dragons
  4 vampire mosquitoes (D:11)
  Edmund (D:4)
  Menkaure (D:5)
  Duvessa (D:4)
  A black bear (D:6)
  4 sky beasts
  A black bear (shapeshifter) (D:13)
  A necrophage (D:4)
  3 orc warriors
  5 ogres
  2 wolves (D:9)
  7 ice beasts
  2 centaurs
  2 phantoms
  5 bullfrogs
  2 gnoll sergeants
  A kobold brigand (D:9)
  A wyvern zombie (D:8)
  2 scorpions
  A water moccasin skeleton (D:7)
  Dowan (D:4)
  12 howler monkeys
  An electric eel (D:9)
  A bullfrog zombie (D:7)
  3 centaur zombies
  Crazy Yiuf (D:2)
  A hound (D:6)
  A jelly (D:4)
  8 orc priests
  2 centaur skeletons (D:7)
  2 gnoll shamans
  Jessica (D:2)
  6 orc wizards
  Terence (D:3)
  3 iguanas
  3 centaur simulacra
  A hound zombie (D:5)
  A hound skeleton (D:5)
  A howler monkey zombie (D:7)
  19 gnolls
  7 adders
  5 white imps
  3 ufetubi
  6 dart slugs
  32 orcs
  9 endoplasms
  5 giant cockroaches
  9 hobgoblins
  7 jackals
  6 kobolds
  4 quokkas
  4 ball pythons
  7 bats
  2 frilled lizards (D:3)
  5 goblins
  11 rats
279 creatures vanquished.

Vanquished Creatures (others)
  A ball python (D:1)
1 creature vanquished.

Grand Total: 280 creatures vanquished

Table legend:
 A = Non-vault XP
 B = Vault XP
 C = Vault XP percentage of total XP
 D = Non-vault monster count
 E = Vault monster count
 F = Vault count percentage of total count
                 A         B        C        D         E       F
            +---------+---------+-------+---------+---------+-------
      Total |   17700 |    7038 |  28.5 |     234 |      45 |  16.1
            +---------+---------+-------+---------+---------+-------
        D:1 |      60 |       6 |   9.1 |      34 |       3 |   8.1
        D:2 |      78 |     312 |  80.0 |      16 |       3 |  15.8
        D:3 |      50 |      36 |  41.9 |      16 |       1 |   5.9
        D:4 |     486 |     716 |  59.6 |      25 |       8 |  24.2
        D:5 |    1188 |     175 |  12.8 |      22 |       1 |   4.3
        D:6 |     956 |     118 |  11.0 |      14 |       1 |   6.7
        D:7 |     757 |     398 |  34.5 |      22 |       1 |   4.3
        D:8 |    1540 |       0 |   0.0 |      24 |       0 |   0.0
        D:9 |    1309 |    2092 |  61.5 |      20 |      20 |  50.0
       D:10 |    1506 |    1686 |  52.8 |      12 |       2 |  14.3
       D:11 |    5026 |       0 |   0.0 |      18 |       0 |   0.0
       D:12 |    2823 |     690 |  19.6 |       6 |       4 |  40.0
       D:13 |    1921 |     809 |  29.6 |       5 |       1 |  16.7
            +---------+---------+-------+---------+---------+-------

Illustrated notes

Table legend:
 A = Kills in this place as a percentage of kills in entire the game.
 B = Kills by you in this place as a percentage of kills by you in the entire game.
 C = Kills by friends in this place as a percentage of kills by friends in the entire game.
 D = Other kills in this place as a percentage of other kills in the entire game.
 E = Experience gained in this place as a percentage of experience gained in the entire game.
 F = Experience gained in this place divided by the number of levels of this place that you have seen.
                   A       B       C       D       E      F
               +-------+-------+-------+-------+-------+----------------------
         Total | 100.0 | 100.0 |   N/A |   N/A | 100.0 | 1767.0
       Dungeon | 100.0 | 100.0 |   N/A |   N/A | 100.0 | 1902.9
               +-------+-------+-------+-------+-------+----------------------

Table legend: (Time is in decaauts)
 A = Elapsed time spent in this place.
 B = Non-inter-level travel time spent in this place.
 C = Inter-level travel time spent in this place.
 D = Time resting spent in this place.
 E = Time spent auto-exploring this place.
 F = Levels seen in this place.
 G = Mean time per level.
                   A        B        C        D        E       F      G
               +--------+--------+--------+--------+--------+-----+--------+
         Total |  14489 |  13993 |    496 |   1938 |   9650 |  14 | 1034.9 |
       Dungeon |  13992 |  13496 |    496 |   1938 |   9500 |  13 | 1076.3 |
      Gauntlet |    496 |    496 |      0 |      0 |    150 |   1 |  496.0 |
               +--------+--------+--------+--------+--------+-----+--------+

Top non-repeatable levels by time:
    D:10: 1548 daAuts
     D:9: 1463 daAuts
     D:6: 1324 daAuts
    D:12: 1290 daAuts
     D:1: 1197 daAuts
     D:7: 1131 daAuts
    D:11: 1108 daAuts
     D:4: 1012 daAuts
     D:8: 989 daAuts
     D:2: 847 daAuts
     D:3: 807 daAuts
    D:13: 637 daAuts
     D:5: 634 daAuts
Gauntlet: 496 daAuts
